[Event "3rd Gujarat GM Open 2022"]
[Site "Ahmedabad"]
[Date "2022.04.02"]
[Round "3.8"]
[White "Krishna C R G"]
[Black "Singh Ojasva"]
[Result "1/2-1/2"]
[ECO "D45"]
[WhiteElo "2466"]
[BlackElo "2141"]
[Annotator "ChessBase"]
[PlyCount "112"]
[EventDate "2022.03.31"]
[EventType "swiss"]
[EventCountry "IND"]
[SourceTitle "playchess.com"]
[Source "ChessBase"]
[SourceQuality "1"]
[TimeControl "5400+30"]

1. d4 d5 2. c4 c6 3. Nf3 Nf6 4. e3 e6 5. Nc3 Nbd7 6. Nd2 Be7 7. g3 e5 8. cxd5 exd4 9. exd4 Nxd5 10. Nxd5 cxd5 11. Bg2 Nf6 12. O-O O-O 13. Nf3 Bf5 14. Re1 Re8 15. Ne5 h6 16. Qa4 Qb6 17. Re2 Qb4 18. Qd1 Rac8 19. Bf4 Bd6 20. a3 Qb6 21. Qa4 Re7 22. Rae1 Rec7 23. Qd1 Bc2 24. Qd2 Ne4 25. Bxe4 Bxe4 26. f3 Rc2 27. Qe3 f6 28. Nd7 Bxf4 29. gxf4 Qd6 30. Nc5 Rxe2 31. Rxe2 Bg6 32. Qe7 Qxe7 33. Rxe7 b6 34. Ne6 Bf7 35. f5 Re8 36. Rxa7 Bxe6 37. fxe6 Rxe6 38. Kf2 Rc6 39. b4 Rc2+ 40. Kg3 Rd2 41. Ra6 Rd3 42. b5 Kf7 43. Rxb6 Rxa3 44. Rd6 Rb3 45. Rxd5 Ke6 46. Rc5 Rb4 47. Rc7 g5 48. Rc6+ Ke7 49. Rc7+ Ke6 50. Rc6+ Ke7 51. b6 Rxd4 52. Rc7+ Ke6 53. b7 Rb4 54. Rh7 Kf5 55. h3 h5 56. Rxh5 Rxb7 1/2-1/2

[Event "3rd Gujarat GM Open 2022"]
[Site "Ahmedabad"]
[Date "2022.04.02"]
[Round "3.9"]
[White "Jain Kashish Manoj"]
[Black "Rios, Cristhian Camilo"]
[Result "1/2-1/2"]
[ECO "B31"]
[WhiteElo "2162"]
[BlackElo "2449"]
[Annotator "ChessBase"]
[PlyCount "93"]
[EventDate "2022.03.31"]
[EventType "swiss"]
[EventCountry "IND"]
[SourceTitle "playchess.com"]
[Source "ChessBase"]
[SourceQuality "1"]
[TimeControl "5400+30"]

1. e4 c5 2. Nf3 Nc6 3. Bb5 g6 4. O-O Bg7 5. Nc3 e5 6. Bc4 h6 7. a3 Nge7 8. b4 d6 9. d3 O-O 10. Rb1 b6 11. Nd5 Be6 12. Re1 Kh7 13. Nxe7 Qxe7 14. Bd5 Bxd5 15. exd5 Nd4 16. Nd2 Rac8 17. bxc5 Rxc5 18. c4 Qd7 19. Bb2 Nf5 20. Bc3 Ne7 21. Bb4 Rc7 22. a4 f5 23. a5 b5 24. Qb3 bxc4 25. Nxc4 Rb8 26. Qa3 Rcb7 27. a6 Rb5 28. Qa4 Nxd5 29. Nxd6 Qxd6 30. Bxd6 Rxb1 31. Kf1 R8b5 32. Qc4 e4 33. dxe4 fxe4 34. Qxe4 Nc3 35. Rxb1 Rxb1+ 36. Qxb1 Nxb1 37. Bc5 Nc3 38. Bxa7 Nd5 39. Be3 g5 40. a7 Nc7 41. Ke2 Kg6 42. g4 Kf7 43. f4 gxf4 44. Bxf4 Bd4 45. Bxc7 Bxa7 46. Kf3 Kg6 47. Ke4 1/2-1/2

[Event "3rd Gujarat GM Open 2022"]
[Site "Ahmedabad"]
[Date "2022.04.02"]
[Round "3.10"]
[White "Santu, Mondal"]
[Black "Nigmatov, Ortik"]
[Result "0-1"]
[ECO "E62"]
[WhiteElo "2063"]
[BlackElo "2445"]
[Annotator "TA"]
[PlyCount "72"]
[EventDate "2022.03.31"]
[EventType "swiss"]
[EventCountry "IND"]
[SourceTitle "playchess.com"]
[Source "ChessBase"]
[SourceQuality "1"]
[TimeControl "5400+30"]

1. d4 Nf6 2. Nf3 g6 3. c4 Bg7 4. g3 O-O 5. Bg2 d6 6. Nc3 c6 7. e4 Bg4 8. O-O Qb6 {[%emt 0:02:04] E62: King's Indian: Fianchetto: 6...c6 and Panno Variation (6...Nc6) without ...a6.} 9. Rb1 Nfd7 10. Be3 c5 {[%emt 0:16:24] White is slightly better.} 11. Nd5 Qd8 12. h3 $132 {[%emt 0:00:34][%mdl 2048] White is not holding back} Bxf3 13. Bxf3 Nc6 {[%emt 0:00:41][%cal Rc5d4] Against e5} 14. dxc5 dxc5 {[%emt 0:00:15] [#]} 15. Be2 $146 ({Predecessor:} 15. Bg2 e6 16. Nc3 Qe7 17. Qc1 Nde5 18. Na4 Nd3 19. Qc2 Ndb4 20. Qe2 Nd4 21. Bxd4 Bxd4 {½-½ (51) Padeiro,J (2276)-Perez Mauricio,X (2155) Ourense 2007}) 15... e6 16. Nc3 Qe7 17. f4 Bd4 18. Qd2 Rad8 19. Rbd1 a6 20. Bd3 f5 21. Qf2 Qg7 22. e5 Ndb8 (22... g5 $1 $17 {[%cal Rg5f4] ...gxf4 is the strong threat.} 23. Kh2 gxf4 24. gxf4 {[#]} Ndxe5 $1 25. fxe5 (25. Rg1 Ng6 $17) 25... Qxe5+ 26. Bf4 Bxf2 27. Bxe5 Nxe5 28. Bxf5 exf5 29. Rxd8 Rxd8 30. Rxf2 Nxc4 31. Rxf5 Rd2+ 32. Kg3 Rd3+ 33. Kf4 b6) 23. Na4 $11 Qe7 24. Be2 Bxe3 25. Qxe3 Nd4 26. Bf3 b5 27. Nc3 bxc4 28. Na4 (28. Bg2 $11) 28... Qc7 $17 29. Qc3 Nxf3+ 30. Qxf3 Rd4 31. Rc1 ({Better is} 31. b3 $1 $15) 31... Rfd8 32. Qa3 $2 {[%emt 0:02:18][%mdl 8192] White does not recover from this.} (32. b3 $17) 32... Qc6 33. Nxc5 (33. Qxc5 $142 Qxa4 34. b3 cxb3 35. Qb6) 33... Rd2 $19 {[%emt 0:00:32][%csl Gd2][%cal Rc6g2] [#]} 34. Rf2 {[%emt 0:00:18] Against Qg2+} Rxf2 {[%emt 0:00:18] Black mates.} 35. Kxf2 Rd2+ 36. Ke1 Rh2 {[%emt 0:00:09] Weighted Error Value: White=0.90/Black=0.18 (very precise)} 0-1

[Event "3rd Gujarat GM Open 2022"]
[Site "Ahmedabad"]
[Date "2022.04.02"]
[Round "3.11"]
[White "Vignesh N R"]
[Black "Sahu, Sekhar Chandra"]
[Result "1-0"]
[ECO "B52"]
[WhiteElo "2444"]
[BlackElo "2049"]
[Annotator "TA"]
[PlyCount "63"]
[EventDate "2022.03.31"]
[EventType "swiss"]
[EventCountry "IND"]
[SourceTitle "playchess.com"]
[Source "ChessBase"]
[SourceQuality "1"]
[TimeControl "5400+30"]

1. e4 c5 2. Nf3 d6 3. Bb5+ Bd7 4. Bxd7+ Qxd7 5. c4 Nc6 6. Nc3 Nf6 7. d4 cxd4 8. Nxd4 g6 9. f3 Nxd4 10. Qxd4 Bg7 11. Be3 {[%emt 0:00:30] B52: Sicilian: Moscow Variation with 3...Bd7.} O-O 12. Qd3 Rfc8 13. b3 {[%emt 0:00:30] White has an edge.} Qd8 14. O-O Nd7 15. Rac1 a6 {[%emt 0:00:30] [#]} 16. Nd5 $146 ({Predecessor:} 16. Bg5 Bf6 17. Bh6 Bg7 18. Bxg7 Kxg7 19. f4 Nf6 20. Nd5 e6 21. Nxf6 Qxf6 22. Qxd6 {½-½ (38) Sandipan,C (2588)-Pavlovic,M (2515) Dieren 2008}) 16... Rc6 17. Bg5 Bf8 (17... Nf6 $14) 18. f4 $16 {[%emt 0:00:30] 0x0.0025b66fe5f0dp-1022s more active pieces. The black rooks are badly placed.} Rac8 19. Rcd1 f6 20. Bh4 Qa5 $2 {[%emt 0:00:30][%mdl 8192] Black cannot hold the game after this.} (20... e6 $16) 21. Qh3 $18 Qd8 {[%emt 0:00:30] [#]} 22. e5 $1 dxe5 {[%emt 0:00:30] [#]} 23. Nxf6+ exf6 (23... Rxf6 24. Bxf6) 24. Rxd7 Qe8 {[%emt 0:00:30] [#]} 25. Bxf6 $1 h6 (25... Bh6 26. Bg5) 26. fxe5 b5 27. Qd3 bxc4 28. bxc4 Re6 29. h4 h5 30. Rf3 {[%emt 0:00:30] White mates.} Rcc6 31. Rd8 Qf7 32. Bg5 {[%emt 0:00:30][%csl LRf7,LRf8] Weighted Error Value: White=0.05 (flawless) /Black=0.84} 1-0

[Event "3rd Gujarat GM Open 2022"]
[Site "Ahmedabad"]
[Date "2022.04.02"]
[Round "3.12"]
[White "Shiva Pavan Teja Sharma U"]
[Black "Abdisalimov, Abdimalik"]
[Result "0-1"]
[ECO "B51"]
[WhiteElo "2022"]
[BlackElo "2435"]
[Annotator "ChessBase"]
[PlyCount "108"]
[EventDate "2022.03.31"]
[EventType "swiss"]
[EventCountry "IND"]
[SourceTitle "playchess.com"]
[Source "ChessBase"]
[SourceQuality "1"]
[TimeControl "5400+30"]

1. e4 c5 2. Nf3 d6 3. Bb5+ Nd7 4. a4 a6 5. Be2 Ngf6 6. Nc3 b6 7. d4 cxd4 8. Qxd4 Bb7 9. O-O e5 10. Qe3 Be7 11. Nd2 O-O 12. Rd1 Qb8 13. Nc4 b5 14. Na5 b4 15. Nd5 Nxd5 16. exd5 Qc7 17. Nc4 a5 18. Qg3 f5 19. f4 Ba6 20. b3 Bf6 21. Rb1 Bxc4 22. Bxc4 Nc5 23. Qh3 Ne4 24. Bd3 Nc3 25. Bxf5 g6 26. Be6+ Kh8 27. Be3 exf4 28. Bf2 Nxb1 29. Rxb1 Qxc2 30. Rf1 Qc3 31. Qf3 Be5 32. h3 Rab8 33. Bd7 Rf7 34. Bc6 Re7 35. Re1 Qxf3 36. gxf3 Bf6 37. Rxe7 Bxe7 38. Bd4+ Kg8 39. Kf1 Rf8 40. Bd7 Bf6 41. Bb6 Bd8 42. Bd4 h6 43. Ke2 Kh7 44. Kd3 Rf7 45. Bc6 Re7 46. Kd2 Bc7 47. Bb7 Bb8 48. Bc6 Ba7 49. Bxa7 Rxa7 50. Kd3 Re7 51. Kc4 Re3 52. Kb5 Rxf3 53. Kxa5 Rxb3 54. Kb5 f3 0-1

[Event "3rd Gujarat GM Open 2022"]
[Site "Ahmedabad"]
[Date "2022.04.02"]
[Round "3.13"]
[White "Gaikwad, Siddhant"]
[Black "Nitin, S.."]
[Result "0-1"]
[ECO "B80"]
[WhiteElo "2016"]
[BlackElo "2427"]
[Annotator "TA"]
[PlyCount "80"]
[EventDate "2022.03.31"]
[EventType "swiss"]
[EventCountry "IND"]
[SourceTitle "playchess.com"]
[Source "ChessBase"]
[SourceQuality "1"]
[TimeControl "5400+30"]

1. e4 c5 2. Nf3 d6 3. d4 cxd4 4. Nxd4 Nf6 5. Nc3 e6 6. Be3 a6 7. f3 b5 8. Qd2 Nbd7 9. g4 Nb6 ({Black should play} 9... b4 $11 10. Nce2 h6) 10. Bd3 {[%emt 0:02:59] B80: Sicilian Scheveningen: 6 g3 and 6 Be3, including English Attack.} (10. a4 $14 Nc4 11. Bxc4 bxc4 12. h4) 10... Bb7 $11 11. O-O-O Be7 12. Kb1 {[%emt 0:00:14] White is slightly better.} (12. g5 $5 Nfd7 13. Nb3 $11) 12... Rc8 {[%emt 0:00:27] [#]} 13. Nce2 $146 {[%emt 0:00:41] White wants to play Nf4.} ({Predecessor:} 13. h4 Nfd7 14. Nce2 Ne5 15. Qe1 O-O 16. g5 d5 17. Ng3 Qc7 18. h5 Nbc4 19. Bc1 Bc5 {1-0 (43) Kaidanov,G (2577)-Ehlvest,J (2591) Saint Louis 2010}) 13... Nfd7 14. Nf4 Nc5 15. Nb3 Nca4 16. Qa5 (16. Bd4 $11) 16... O-O $15 17. Rhg1 Bg5 18. Bxb6 Nxb6 19. Ne2 Be3 20. Rgf1 Qf6 21. g5 (21. Qe1 $1 $15) 21... Qxg5 $19 22. f4 Qf6 {[%emt 0:00:31][%cal Ob7e4] aiming for ...Bxe4! &Nero is much more active.} 23. Qe1 Nc4 $40 {[%emt 0:07:29][%csl Gc4][%cal Rf6b2][%mdl 128] [#] Black wants a kill.} 24. c3 b4 25. e5 $2 {[%emt 0:03:22] Loses the game.} (25. Qg3 $17 Bb6 26. Bxc4 Rxc4 27. Nd2 Bxe4+ 28. Ka1) 25... dxe5 26. fxe5 Qh6 ({But not} 26... Qxe5 $2 27. Qh4 Bh6 28. Rg1 $19) (26... Qg5 $142 {Hoping for ...Bg2.} 27. cxb4 Nxe5) 27. Qg3 Qg5 {[%emt 0:06:31] The board is on fire.} 28. Qxg5 (28. cxb4 $17 Nxe5 29. Nc3) 28... Bxg5 29. Bxc4 Rxc4 30. Na5 Be4+ 31. Ka1 Rc5 32. cxb4 Rxe5 33. Nc3 {[%emt 0:00:15] [#] Strongly threatening Nc4.} Bc2 {[%emt 0:01:24] This bishop pair is nice.} 34. Rd7 Re3 35. Nc4 Rh3 36. Nd6 (36. Ne5 $142) 36... f5 {[%emt 0:01:07][%cal Bf7f5,Bf5f4,Bf4f3][%mdl 32] And now ...Rd3 would win.} 37. Rf2 Bd3 38. Na4 $2 (38. a4) 38... Re3 {[%emt 0:01:32][%cal Re3e1] Black is clearly winning.} 39. a3 f4 {[%emt 0:01:08] ...Bh4 is the strong threat.} 40. Nc5 f3 {[%emt 0:00:58] Weighted Error Value: White=0.38/Black=0.16 (very precise)} 0-1

[Event "3rd Gujarat GM Open 2022"]
[Site "Ahmedabad"]
[Date "2022.04.02"]
[Round "3.14"]
[White "Hesham, Abdelrahman"]
[Black "Weerawardane, Romesh"]
[Result "1-0"]
[ECO "D32"]
[WhiteElo "2425"]
[BlackElo "2005"]
[Annotator "TA"]
[PlyCount "112"]
[EventDate "2022.03.31"]
[EventType "swiss"]
[EventCountry "IND"]
[SourceTitle "playchess.com"]
[Source "ChessBase"]
[SourceQuality "1"]
[TimeControl "5400+30"]

1. Nf3 Nf6 2. c4 e6 3. e3 d5 4. b3 Be7 5. Bb2 c5 6. cxd5 exd5 7. Be2 O-O 8. O-O Nc6 9. d4 Ne4 10. dxc5 Bxc5 11. Nc3 Be6 12. Rc1 {[%emt 0:00:30] D32: Tarrasch Defence: Sidelines and lines without g3.} Bb6 13. Nb5 {[%emt 0:00:30] [#]} Rc8 $146 ({Predecessor:} 13... Ne7 14. Nbd4 Bd7 15. Qd3 Ng6 16. b4 Re8 17. h3 Qe7 18. Qb3 Rad8 19. a4 Bc8 20. Rxc8 Rxc8 {1-0 (62) Szustakowski,A (2238)-Suliborski,J (2120) Krakow 2020}) 14. Nbd4 {[%emt 0:00:30] White has an edge.} Nxd4 15. Bxd4 (15. Nxd4 {seems wilder.} Qg5 16. Qd3 Bd7 17. Bf3) 15... Rxc1 16. Qxc1 Bxd4 17. Nxd4 Qa5 18. Qb2 Rc8 19. Bd3 Qc3 20. Qxc3 Rxc3 21. Rd1 Kf8 22. Kf1 Ke7 23. f3 Nc5 24. Ke2 Nxd3 25. Rxd3 $11 {[%emt 0:00:30][%mdl 4096] Endgame KRB-KRN} Rc1 26. Rd1 Rc5 27. Kd2 Ra5 28. Ra1 Bd7 29. Kc3 Kd6 30. Kb2 Rc5 31. Rd1 Ke5 32. Ne2 b5 (32... g5 $11) 33. Rd4 (33. Nf4 $16) 33... a5 34. a3 Rc7 35. Rd2 g5 36. Rd3 Bf5 (36... b4 $11) 37. Rc3 $14 Rxc3 38. Kxc3 {[%emt 0:00:30] KB-KN} Bd7 39. b4 a4 40. Kd3 {[%emt 0:00:30] Hoping for f4+.} Bf5+ {[%emt 0:00:30] [#]} 41. Kd2 $1 Bd7 42. Kc3 f5 43. Nc1 {[%emt 0:00:30] Nd3+ is the strong threat.} h5 $2 {[%emt 0:00:30][%mdl 8192] Loses the game.} ({Better is} 43... d4+ $1 $14 44. exd4+ Kd6) 44. Nd3+ $18 Kd6 45. Kd4 h4 46. Nc1 Be8 47. Ne2 Bd7 48. Nc3 Bc6 49. h3 {[%emt 0:00:30] Prevents g4.} Bd7 50. Nxd5 Be6 $2 {[%emt 0:00:30] [#]} (50... Bc6 51. e4 fxe4 52. fxe4 Ke6) 51. e4 {[%emt 0:00:30][%cal Be3e4,Be4e5][%mdl 32] White is clearly winning.} f4 52. e5+ Kc6 53. Nf6 Bc4 54. Ne4 Bf1 55. Nxg5 Bxg2 56. Ke4 Bf1 {[%emt 0:00:30] Weighted Error Value: White=0.11 (very precise) /Black=0.36} 1-0

[Event "3rd Gujarat GM Open 2022"]
[Site "Ahmedabad"]
[Date "2022.04.02"]
[Round "3.15"]
[White "Bhattacharyya Soham"]
[Black "Mehar, Chinna Reddy C.H."]
[Result "1-0"]
[ECO "D11"]
[WhiteElo "2004"]
[BlackElo "2422"]
[Annotator "ChessBase"]
[PlyCount "99"]
[EventDate "2022.03.31"]
[EventType "swiss"]
[EventCountry "IND"]
[SourceTitle "playchess.com"]
[Source "ChessBase"]
[SourceQuality "1"]
[TimeControl "5400+30"]

1. d4 d5 2. c4 c6 3. Nf3 Nf6 4. Qc2 g6 5. Nc3 Bg7 6. cxd5 cxd5 7. Bf4 Nc6 8. e3 O-O 9. h3 Qb6 10. Qb3 Qxb3 11. axb3 Bd7 12. Bb5 Nb4 13. Ra4 Bxb5 14. Rxb4 Ba6 15. Be5 Ne4 16. Bxg7 Kxg7 17. Nd2 Nxc3 18. bxc3 Bd3 19. Rxb7 Rfc8 20. c4 dxc4 21. Nxc4 Be4 22. Rxe7 Bxg2 23. Rg1 Bxh3 24. Kd2 Be6 25. Kc3 Kf6 26. Rb7 Bd5 27. Rb5 Bc6 28. Rc5 Bd7 29. b4 h5 30. d5 h4 31. Nd6 Rh8 32. Ne4+ Kg7 33. Rc7 Rac8 34. Rxc8 Rxc8+ 35. Nc5 h3 36. Kd4 Bb5 37. Rh1 Rh8 38. Rh2 Kf6 39. d6 Bc6 40. e4 Kg5 41. Nd3 f6 42. e5 Kf5 43. f4 fxe5+ 44. fxe5 g5 45. Rf2+ Kg6 46. e6 g4 47. Ne5+ Kh5 48. Rf5+ Kh4 49. Ng6+ Kg3 50. Nxh8 1-0

[Event "3rd Gujarat GM Open 2022"]
[Site "Ahmedabad"]
[Date "2022.04.02"]
[Round "3.16"]
[White "Audi Ameya"]
[Black "Ilamparthi A R"]
[Result "0-1"]
[ECO "B90"]
[WhiteElo "2418"]
[BlackElo "1969"]
[Annotator "TA"]
[PlyCount "90"]
[EventDate "2022.03.31"]
[EventType "swiss"]
[EventCountry "IND"]
[SourceTitle "playchess.com"]
[Source "ChessBase"]
[SourceQuality "1"]
[TimeControl "5400+30"]

1. e4 c5 2. Nf3 d6 3. d4 cxd4 4. Nxd4 Nf6 5. Nc3 a6 6. f3 b5 {[%emt 0:01:06][%cal Bb7b5,Bb5b4][%mdl 32] B90: Sicilian Najdorf: Unusual White 6th moves, 6 Be3 Ng4 and 6 Be3 e5.} 7. a4 b4 8. Nd5 Nxd5 {[%emt 0:07:30] The position is equal.} 9. exd5 Bb7 10. Bc4 Nd7 11. a5 (11. Qe2 {feels hotter.} g6 12. Bg5 Nb6 13. O-O-O) 11... Nf6 12. Bb3 {[%emt 0:12:07] Strongly threatening Ba4+.} Bxd5 13. Ba4+ Nd7 {[%emt 0:00:39] [#]} 14. Nc6 $146 ({Predecessor:} 14. Bd2 e6 15. Bxb4 Be7 16. O-O Rb8 17. c3 O-O 18. Bc6 Bc4 19. Re1 Qc7 20. b3 {½-½ (31) Zontakh,A (2545)-Nechepurenko,R (2430) Moscow 2006}) 14... Bxc6 15. Bxc6 Rc8 16. Ba4 (16. Bb7 $1 $11) 16... e6 $15 17. Be3 d5 $1 18. Bb6 Qh4+ 19. g3 Qc4 20. Bb3 {[%emt 0:00:00] [#]} Qc6 21. Qd3 {[%emt 0:00:00] [#]} ({Better is} 21. Ba4 Qd6 22. Bd4) 21... Bc5 $1 $17 (21... Nxb6 22. axb6 Qxb6 23. Rxa6 $17) 22. Ba4 Qb7 23. Bxc5 Rxc5 24. Qd4 (24. O-O $17) 24... O-O $19 25. Bxd7 Rc4 26. Qb6 Qxd7 27. Qxa6 Rxc2 28. Qb6 Rc6 ({But not} 28... Rxb2 $2 29. O-O) 29. Qf2 Rfc8 {[%emt 0:01:35] ...Rc1+ is the strong threat.} 30. O-O Qb7 31. b3 (31. Qe3 $142) 31... Rc2 32. Qd4 (32. Qb6 $142 Qe7 33. Rf2) 32... Qa6 33. Rf2 h6 ({Worse is} 33... Rc1+ 34. Kg2 $17) 34. f4 g6 ({Not} 34... Rc1+ 35. Kg2 $19) 35. Kg2 Rxf2+ 36. Qxf2 {[%emt 0:00:00][%mdl 4096] Endgame KQR-KQR} Rc3 37. Qb6 $2 (37. Qf1 Rc2+ 38. Kh3 Qxf1+ 39. Rxf1) 37... Rc2+ 38. Kh3 Qe2 {[%emt 0:00:08][%cal Re2h5] Black mates.} 39. Qd8+ Kh7 40. Rh1 Qg2+ 41. Kg4 Qxh1 42. Qf6 Qd1+ 43. Kh3 Qh5+ 44. Qh4 Qf5+ 45. Qg4 Rxh2+ {[%emt 0:00:06] Weighted Error Value: White=0.50/Black=0.08 (flawless)} 0-1

[Event "3rd Gujarat GM Open 2022"]
[Site "Ahmedabad"]
[Date "2022.04.02"]
[Round "4.1"]
[White "Wagh Suyog"]
[Black "Delgado Ramirez, Neuris"]
[Result "1/2-1/2"]
[ECO "E21"]
[WhiteElo "2232"]
[BlackElo "2615"]
[Annotator "ChessBase"]
[PlyCount "182"]
[EventDate "2022.03.31"]
[EventType "swiss"]
[EventCountry "IND"]
[SourceTitle "playchess.com"]
[Source "ChessBase"]
[SourceQuality "1"]
[TimeControl "5400+30"]

1. d4 Nf6 2. c4 e6 3. Nc3 Bb4 4. e3 O-O 5. Bd2 b6 6. Nf3 c5 7. a3 Bxc3 8. Bxc3 Bb7 9. b3 d6 10. Be2 Nbd7 11. O-O Qe7 12. Qc2 Rac8 13. Rac1 Ne4 14. Bb2 f5 15. Bd3 Ndf6 16. Nd2 Ng5 17. f3 Qe8 18. Rce1 cxd4 19. exd4 Qg6 20. Kh1 Nh5 21. Nb1 Qh6 22. Kg1 Rf6 23. Bc1 Rg6 24. Nc3 Nf4 25. Kh1 Qh4 26. Bxf4 Qxf4 27. Ne2 Qh4 28. Qd2 Rh6 29. Qf4 Qh5 30. Qg3 Qg6 31. Nf4 Qf6 32. Bb1 Rf8 33. a4 Kh8 34. Rd1 Nf7 35. Rfe1 Bc8 36. c5 g5 37. Nd3 f4 38. Qf2 dxc5 39. Ne5 Nxe5 40. dxe5 Qg7 41. Rd6 Bb7 42. Qd2 Bd5 43. Be4 Qxe5 44. Rd7 Bxe4 45. Rxe4 Qf6 46. Qe2 Rd8 47. Rxd8+ Qxd8 48. h3 Qe7 49. b4 cxb4 50. Qb2+ Rf6 51. Rxb4 e5 52. Rb5 Re6 53. Rd5 Kg7 54. Qd2 Qf6 55. Qd3 Kh6 56. Rd7 Qg6 57. Qa3 Qf6 58. Qd3 e4 59. fxe4 Qa1+ 60. Kh2 Qe5 61. Kg1 a5 62. Rd4 f3 63. Qe3 Rf6 64. h4 Kh5 65. Qxg5+ Qxg5 66. hxg5 Kxg5 67. Rd5+ Kg4 68. gxf3+ Rxf3 69. e5 Kf5 70. Rb5 Rf4 71. Rxb6 Rxa4 72. e6 Kf6 73. Ra6 Ra2 74. Kh1 h5 75. Kg1 h4 76. Kh1 h3 77. Kg1 a4 78. Kh1 a3 79. Kg1 Rg2+ 80. Kh1 Rg3 81. Kh2 Re3 82. Ra8 Rb3 83. Ra6 Ke7 84. Kg1 Rg3+ 85. Kh2 Re3 86. Kg1 Kf6 87. Kh2 Kf5 88. e7 Kg4 89. Ra4+ Kf5 90. Rxa3 Rxe7 91. Kxh3 Ke5 1/2-1/2

[Event "3rd Gujarat GM Open 2022"]
[Site "Ahmedabad"]
[Date "2022.04.02"]
[Round "4.2"]
[White "Fawzy, Adham"]
[Black "Kaustuv, Kundu"]
[Result "1/2-1/2"]
[ECO "B48"]
[WhiteElo "2476"]
[BlackElo "2308"]
[Annotator "ChessBase"]
[PlyCount "135"]
[EventDate "2022.03.31"]
[EventType "swiss"]
[EventCountry "IND"]
[SourceTitle "playchess.com"]
[Source "ChessBase"]
[SourceQuality "1"]
[TimeControl "5400+30"]

1. e4 c5 2. Nf3 e6 3. d4 cxd4 4. Nxd4 Nc6 5. Nc3 Qc7 6. Be3 a6 7. g4 b5 8. Nxc6 dxc6 9. Qd2 e5 10. g5 Be6 11. f4 exf4 12. Bxf4 Qb6 13. O-O-O Bc5 14. h4 Ne7 15. h5 O-O 16. Bd3 Qa5 17. Rdf1 b4 18. Nb1 Qxa2 19. Be5 Qa5 20. h6 g6 21. Bg7 Rfd8 22. Rf3 Qc7 23. Rhf1 Nc8 24. Qe2 Nb6 25. Nd2 Be7 26. e5 Bxg5 27. Kb1 Bxd2 28. Qxd2 c5 29. Qf4 Nd5 30. Qh4 Nc3+ 31. Kc1 c4 32. Bf6 cxd3 33. Bxd8 d2+ 34. Kxd2 Rxd8+ 35. Rd3 Rxd3+ 36. cxd3 Nd5 37. Rc1 Qb6 38. d4 Kf8 39. Rc5 b3 40. Qe4 Qd8 41. Ke2 a5 42. Qf3 a4 43. Kf1 a3 44. Qxb3 a2 45. Qa3 Ne7 46. Ra5 Bd5 47. b3 Qd7 48. Ke1 Qg4 49. Ra7 Qh4+ 50. Ke2 Qe4+ 51. Kf1 Qf3+ 52. Ke1 Qe3+ 53. Kf1 a1=Q+ 54. Qxa1 Qxh6 55. Qa3 Qf4+ 56. Ke1 Qe3+ 57. Kf1 Qg5 58. Qc5 Bxb3 59. Ra8+ Kg7 60. Re8 Qf4+ 61. Ke2 Qh2+ 62. Kd3 Qg3+ 63. Kd2 Qf4+ 64. Kc3 Qe3+ 65. Kb2 Ba4 66. Rxe7 Qb3+ 67. Kc1 Qd1+ 68. Kb2 1/2-1/2

[Event "3rd Gujarat GM Open 2022"]
[Site "Ahmedabad"]
[Date "2022.04.02"]
[Round "4.3"]
[White "Ratnakaran, K.."]
[Black "Mirzoev, Azer"]
[Result "0-1"]
[ECO "C72"]
[WhiteElo "2316"]
[BlackElo "2468"]
[Annotator "ChessBase"]
[PlyCount "106"]
[EventDate "2022.03.31"]
[EventType "swiss"]
[EventCountry "IND"]
[SourceTitle "playchess.com"]
[Source "ChessBase"]
[SourceQuality "1"]
[TimeControl "5400+30"]

1. e4 e5 2. Nf3 Nc6 3. Bb5 a6 4. Ba4 Nge7 5. O-O d6 6. h3 Bd7 7. c3 g6 8. d4 Bg7 9. dxe5 dxe5 10. Bg5 f6 11. Be3 Be6 12. Qc2 O-O 13. Nbd2 Qc8 14. Rfd1 Rd8 15. a3 Bf8 16. b4 Kg7 17. Ne1 b6 18. f4 exf4 19. Bxf4 Ne5 20. Bxe5 fxe5 21. Ndf3 Rxd1 22. Rxd1 c5 23. Nxe5 b5 24. Bb3 c4 25. Ba2 Qc7 26. N1f3 Re8 27. Qf2 Ng8 28. Qd4 Nf6 29. Bb1 Be7 30. Rf1 Rd8 31. Qe3 Re8 32. Bc2 Bc8 33. a4 Bd6 34. Nxg6 hxg6 35. e5 Bxe5 36. Qg5 Qb6+ 37. Kh1 Nh7 38. Qh4 Bxc3 39. Qg3 Nf8 40. Ng5 Bf6 41. Ne4 Be5 42. Qf3 Qe6 43. axb5 axb5 44. Nc5 Qf6 45. Qe2 Qe7 46. Qd1 Ne6 47. Qd5 Nxc5 48. bxc5 Qe6 49. Qf3 Qf6 50. Qd1 Qg5 51. Qd5 Kh6 52. g4 Rd8 53. Qf7 Bg7 0-1

[Event "3rd Gujarat GM Open 2022"]
[Site "Ahmedabad"]
[Date "2022.04.02"]
[Round "4.4"]
[White "Nigmatov, Ortik"]
[Black "Deshmukh, Anup"]
[Result "1-0"]
[ECO "C87"]
[WhiteElo "2445"]
[BlackElo "2190"]
[Annotator "TA"]
[PlyCount "111"]
[EventDate "2022.03.31"]
[EventType "swiss"]
[EventCountry "IND"]
[SourceTitle "playchess.com"]
[Source "ChessBase"]
[SourceQuality "1"]
[TimeControl "5400+30"]

1. e4 e5 2. Nf3 Nc6 3. Bb5 d6 4. O-O Nf6 5. Re1 Be7 6. d4 Bd7 7. c3 O-O 8. Ba4 a6 9. h3 h6 10. Nbd2 Re8 11. Nf1 Bf8 12. Ng3 g6 {[%emt 0:00:30] C87: Closed Ruy Lopez: Steinitz-type lines after 6 Re1 d6.} 13. Bc2 Bg7 14. Be3 Qe7 {[%emt 0:00:30] White is slightly better.} 15. Qd2 Qf8 16. b4 b6 {[%emt 0:00:30] [#]} 17. a3 $146 ({Predecessor:} 17. Rab1 a5 18. a3 axb4 19. axb4 Ra2 20. Qc1 Kh7 21. d5 Ne7 22. Bb3 Raa8 23. c4 {0-1 (67) Kwiatkowski,F (2240)-Bellin,R (2405) Blackpool 1988}) 17... Rad8 18. dxe5 (18. Bb3 $16) 18... Nxe5 $11 19. Nxe5 dxe5 20. Qe2 Bb5 21. c4 Bc6 22. c5 Bb5 23. Qf3 Nd7 ({Black should play} 23... Rb8) 24. cxb6 $1 $16 cxb6 25. Bb3 {[%emt 0:00:30] Inhibits Bc4.} Rc8 26. Rac1 Qe7 27. Red1 Bc6 28. h4 {[%emt 0:00:30] And now h5 would win.} h5 29. Rc3 {[%emt 0:00:30] 0x0.0022d042ee6cdp-1022s more active pieces.} Nf8 {[%emt 0:00:30] [#]} (29... Bb5 $16 30. Rdc1 Rxc3 31. Rxc3 Nf6) 30. Rdc1 $1 $18 (30. Bxb6 $6 Ne6 $14) 30... Bb7 {[%emt 0:00:30] [#]} 31. Bg5 $1 ({Much less strong is} 31. Bxb6 Ne6 $14) 31... Qd7 {[%emt 0:00:30] [#]} 32. Bxf7+ $1 Qxf7 33. Qxf7+ {[%emt 0:00:30][%mdl 64] Remove Defender} Kxf7 34. Rc7+ Kg8 {[%emt 0:00:30] Strongly threatening ...Rb8.} 35. Rxb7 {[%emt 0:00:30] Rxc8 is the strong threat.} Rxc1+ 36. Bxc1 Rd8 37. Be3 Rd1+ (37... Rd3 $142 38. Rxb6 (38. Bxb6 Rxa3 39. Nf1 Ra4 $16) 38... Rxa3) 38. Nf1 Ra1 39. Rxb6 ({Don't take} 39. Bxb6 $6 Ne6 40. g3 Nd4 41. Bxd4 exd4 $18) 39... Rxa3 40. Nd2 a5 $2 (40... Nd7 {was worth a try.}) 41. b5 a4 42. Ra6 Ra1+ 43. Kh2 a3 44. Nb3 Rb1 45. Rxa3 {[%emt 0:00:30] Black must now prevent b6.} Nd7 46. Ra8+ Nf8 $2 (46... Kh7 {was necessary.}) 47. Nc5 {[%emt 0:00:30] Hoping for Ne6. White is clearly winning.} Rxb5 48. Ne6 {[%emt 0:00:30] aiming for Nxf8.} Kf7 49. Ng5+ Kg8 50. Rc8 Ra5 (50... Rb4 $142 51. Bc5 Rc4) 51. Bc5 Ra6 52. Be7 Rb6 53. f3 Ra6 54. Kg3 Rb6 55. Ra8 Rc6 56. Kf2 {[%emt 0:00:30] Weighted Error Value: White=0.11 (very precise) /Black=0.31} 1-0